 Dungeon Crawl Stone Soup version 0.22-a0-223-g0f5d773 (console) character file.

11020 Duffy the Arsonist (level 11, -7/94 (96) HPs)
             Began as a Naga Fire Elementalist on Feb 19, 2018.
             Was a Priest of Vehumet.
             Mangled by a spark wasp (shapeshifter) (12 damage)
             ... on level 10 of the Dungeon.
             The game lasted 00:26:20 (13927 turns).

Duffy the Arsonist (Naga Fire Elementalist)        Turns: 13927, Time: 00:26:20

HP:   -7/94 (96)    AC:  6    Str: 11    XL:     11   Next: 71%
MP:   2/23          EV: 10    Int: 19    God:    Vehumet [***...]
Gold: 647           SH:  0    Dex: 14    Spells: 12/27 levels left

rFire    . . .     SeeInvis +   G - +9 hand crossbow {elec, Dex+3}
rCold    + . .     Gourm    .   (no shield)
rNeg     . . .     Faith    .   I - +0 robe {Archmagi}
rPois    +         Spirit   .   w - +0 helmet
rElec    .         Reflect  .   v - +0 cloak
rCorr    .         Harm     .   (no gloves)
MR       +....                  (no barding)
Stlth    ++........             (no amulet)
HPRegen  0.25/turn              y - ring of protection from cold
MPRegen  0.18/turn              E - +1 ring of evasion

@: heavily drained, very slow
A: large, see invisible, deformed body, poison resistance, slowness 2, slow
metabolism 1, spit poison 1, AC +3
a: Spit Poison, Renounce Religion


You were on level 10 of the Dungeon.
You worshipped Vehumet.
Vehumet was most pleased with you.
You were not hungry.

You visited 2 branches of the dungeon, and saw 11 of its levels.

You collected 647 gold pieces.

Inventory:

Hand Weapons
 h - a +0 trident
 q - a +0 blowgun
 t - a +2 whip of electrocution
 z - a +3 hand axe of electrocution
 G - the +9 hand crossbow of Ruination (weapon) {elec, Dex+3}
   (You found it on level 8 of the Dungeon)

   It charges the ammunition it shoots with electricity; occasionally upon a
   hit, such missiles may discharge and cause terrible harm.
   It affects your dexterity (+3).
Missiles
 d - 8 curare-tipped needles
 J - 74 bolts (quivered)
Armour
 i - a +0 robe of cold resistance
 v - a +0 cloak (worn)
 w - a +0 helmet (worn)
 C - +0 pearl dragon scales
 I - a +0 robe of the Archmagi (worn)
Magical Staves
 A - an uncursed staff of air
Jewellery
 y - a ring of protection from cold (left hand)
 E - a +1 ring of evasion (right hand)
Wands
 a - a wand of acid (7)
 j - a wand of digging (16)
 r - a wand of iceblast (8)
 H - a wand of polymorph (11)
 L - a wand of paralysis (14)
Scrolls
 k - a scroll of amnesia {unknown}
 m - 2 scrolls of enchant weapon
 n - 4 scrolls of teleportation
 p - 3 scrolls of fog
 x - a scroll of torment
 B - a scroll of brand weapon {unknown}
 F - a scroll of magic mapping
 N - a scroll of immolation {unknown}
 O - a scroll of remove curse {unknown}
Potions
 c - a potion of agility
 e - a potion of flight
 f - 7 potions of curing
 g - a potion of magic
 l - 2 potions of invisibility
 o - a potion of brilliance
 s - 2 potions of haste
 u - 3 potions of heal wounds
 D - a potion of berserk rage {unknown}
 K - a potion of lignification
Miscellaneous
 M - a sack of spiders
Comestibles
 b - 10 rations


   Skills:
 - Level 5.4(3.9) Fighting
 - Level 1.5(0.2) Dodging
 - Level 3.0(1.6) Stealth
 + Level 8.9(7.2) Spellcasting
 + Level 9.7(8.1) Conjurations
 + Level 9.7(8.1) Fire Magic
 - Level 6.0(4.5) Evocations


You had 12 spell levels left.
You knew the following spells:

 Your Spells              Type           Power        Failure   Level  Hunger
a - Flame Tongue          Conj/Fire      #####        1%          1    None
h - Throw Flame           Conj/Fire      ######       1%          2    None
j - Sticky Flame          Conj/Fire      ######..     1%          4    ###....
k - Fireball              Conj/Fire      ######....   2%          5    #####..
l - Conjure Flame         Conj/Fire      ######..     1%          3    #......


Dungeon Overview and Level Annotations

Branches:
Dungeon (10/15)            Temple (1/1) D:5             Orc (0/2) D:9
   Lair: D:8-11

Altars:
Ashenzari
Cheibriados
Dithmenos
Elyvilon
Fedhas
Gozag
Hepliaklqana
Kikubaaqudgha
Makhleb
Nemelex Xobeh
Okawaru
Qazlal
Ru
Sif Muna
Trog
Uskayaw
Vehumet
Wu Jian
Xom
Yredelemnul
Zin
The Shining One

Annotations:
D:9 1 exclusion
D:10 Nergalle, Snorg


Innate Abilities, Weirdness & Mutations

You cannot wear boots.
Your serpentine skin is tough. (AC +3)
You have supernaturally acute eyesight. (SInv)
Armour fits poorly on your strangely shaped body.
Your system is resistant to poisons. (rPois)
You cover ground very slowly.
You have a slow metabolism.
You can spit poison.


Message History

You hear a bark!
The lindwurm changes into a spark wasp!
Cast which spell? (? or * to list)
Aiming: Fireball (safe; 2% risk of failure)
Press: ? - help, Shift-Dir - straight line, f/p - spark wasp
Aim: a spark wasp shaped shifter (flame)
You feel a surge of power!
The fireball explodes!
The fireball engulfs the spark wasp.
The spark wasp is lightly wounded.
The spark wasp is engulfed in blazing flames.
Cast which spell? (? or * to list)
Aiming: Sticky Flame (safe; 1% risk of failure)
Press: ? - help, Shift-Dir - straight line, f/p - spark wasp
Aim: a spark wasp shaped shifter (moderately wounded)
You feel a surge of power!
The sticky flame hits the spark wasp.
The spark wasp is heavily wounded.
The spark wasp is covered in liquid flames!
The spark wasp burns!
The spark wasp stings you!! The spark wasp shocks you!
The spark wasp stings you!! The spark wasp shocks you!
You die...

... .... ...
..( ....
#####'#
.....#....(#
....#(....#
....'.....#
...#0....#
##y....#
#@..####
#####


You could see a spark wasp shaped shifter (burning).

Vanquished Creatures
  Erolcha (D:9)
  3 two-headed ogres
  An orc high priest (D:8)
  Pikel (D:4)
  The ghost of Serpenta the Conjurer, a novice KoFE of Cheibriados (D:7)
  An ugly thing (D:10)
  2 trolls
  The ghost of Gorglomux the Grasshopper, a novice SpWr of Hepliaklqana (D:5)
  A blink frog (D:8)
  A hornet (D:8)
  A hippogriff (D:8)
  2 humans (D:7)
  A wyvern (D:8)
  A hungry ghost (D:10)
  3 ice beasts
  4 slaves (D:4)
  2 orc warriors
  2 sky beasts
  2 necrophages
  2 black bears
  6 ogres
  A phantom (D:9)
  3 centaurs (D:9)
  4 bullfrogs
  2 scorpions
  16 killer bees
  4 wights (D:8)
  2 howler monkeys (D:8)
  3 crimson imps
  A bullfrog zombie (D:5)
  2 jellies
  2 centaur skeletons
  2 hounds
  10 orc wizards
  5 orc priests
  2 bullfrog skeletons
  Ijyb (D:3)
  Natasha (thrice) (D:2)
  10 worker ants
  A killer bee zombie (D:5)
  4 hound skeletons
  8 gnolls
  A howler monkey zombie (D:9)
  10 adders
  6 shadow imps
  3 adder skeletons
  3 worms
  2 dart slugs (D:2)
  4 leopard geckos
  65 orcs
  3 ball pythons
  11 bats
  3 giant cockroaches
  8 goblins
  11 hobgoblins
  10 jackals
  4 quokkas
  8 frilled lizards
  8 kobolds
  12 rats
297 creatures vanquished.

Notes
Turn   | Place    | Note
-------+----------+-------------------------------------------
     0 | D:1      | Duffy the Naga Fire Elementalist began the quest for the Orb.
     0 | D:1      | Reached XP level 1. HP: 15/15 MP: 3/3
   205 | D:1      | Reached XP level 2. HP: 22/22 MP: 3/5
   532 | D:1      | Reached XP level 3. HP: 28/28 MP: 4/6
   564 | D:1      | Learned a level 2 spell: Throw Flame
   568 | D:1      | Learned a level 3 spell: Conjure Flame
  1933 | D:2      | Reached XP level 4. HP: 36/36 MP: 7/7
  2441 | D:2      | Noticed Natasha
  2444 | D:2      | Killed Natasha
  2444 | D:2      | Reached XP level 5. HP: 42/42 MP: 5/9
  2653 | D:2      | Noticed Natasha
  2662 | D:2      | Killed Natasha
  3022 | D:2      | Found a shadowy altar of Dithmenos.
  3075 | D:2      | Noticed an ice beast
  3084 | D:2      | Killed an ice beast
  3084 | D:2      | Reached XP level 6. HP: 49/49 MP: 2/11
  3163 | D:2      | Learned a level 4 spell: Sticky Flame
  3191 | D:2      | Noticed Natasha
  3197 | D:2      | Killed Natasha
  3991 | D:3      | Noticed Ijyb
  3995 | D:3      | Noticed a necrophage
  4004 | D:3      | Killed Ijyb
  4010 | D:3      | Killed a necrophage
  4010 | D:3      | Reached XP level 7. HP: 47/54 MP: 0/13
  4477 | D:4      | Reached skill level 5 in Fire Magic
  4647 | D:4      | Reached skill level 5 in Conjurations
  5104 | D:4      | Noticed Pikel
  5130 | D:4      | Killed Pikel
  5130 | D:4      | Reached XP level 8. HP: 61/61 MP: 0/15
  5240 | D:4      | Learned a level 5 spell: Fireball
  5449 | D:4      | Reached skill level 5 in Spellcasting
  5639 | D:4      | Found a glowing silver altar of Zin.
  5820 | D:5      | Entered Level 5 of the Dungeon
  5852 | D:5      | Found a staircase to the Ecumenical Temple.
  5862 | Temple   | Entered the Ecumenical Temple
  5975 | D:5      | Reached skill level 1 in Fighting
  7052 | D:5      | Found a radiant altar of Vehumet.
  7055 | D:5      | Became a worshipper of Vehumet
  7107 | D:5      | Noticed Gorglomux's ghost (novice SpWr)
  7118 | D:5      | Killed Gorglomux's ghost
  7118 | D:5      | Reached skill level 5 in Fighting
  7118 | D:5      | Reached XP level 9. HP: 65/80 MP: 13/16
  7712 | D:6      | Found a glowing silver altar of Zin.
  8467 | D:7      | Noticed Serpenta's ghost (novice KoFE)
  8477 | D:7      | Killed Serpenta's ghost
  8584 | D:7      | Found an iron altar of Okawaru.
  8631 | D:7      | Reached * piety under Vehumet
  8631 | D:7      | Offered knowledge of Shock by Vehumet.
  9306 | D:8      | Reached XP level 10. HP: 87/87 MP: 15/19
  9648 | D:8      | Noticed a two-headed ogre
  9656 | D:8      | Killed a two-headed ogre
  9795 | D:8      | Found an ornate altar of the Wu Jian Council.
  9798 | D:8      | Noticed Psyche
  9873 | D:8      | Paralysed by a hornet for 3 turns
 10279 | D:8      | Got a twisted hand crossbow
 10280 | D:8      | Identified the +9 hand crossbow of Ruination {elec, Dex+3} (You found it on level 8 of the Dungeon)
 10291 | D:8      | Noticed Psyche
 10291 | D:8      | Psyche changed into Psyche the blink frog
 10297 | D:8      | Killed Psyche the blink frog
 10670 | D:8      | Noticed an orc high priest
 10673 | D:8      | Killed an orc high priest
 11181 | D:8      | Found a glowing golden altar of the Shining One.
 11518 | D:9      | Found an iron altar of Okawaru.
 11615 | D:9      | Noticed a two-headed ogre
 11618 | D:9      | Killed a two-headed ogre
 11618 | D:9      | Reached ** piety under Vehumet
 11618 | D:9      | Reached skill level 5 in Evocations
 11618 | D:9      | Reached XP level 11. HP: 94/94 MP: 6/22
 11764 | D:9      | Offered knowledge of Sandblast by Vehumet.
 11935 | D:9      | Offered knowledge of Static Discharge by Vehumet.
 11951 | D:9      | Found a staircase to the Orcish Mines.
 12151 | D:9      | Reached *** piety under Vehumet
 12403 | D:9      | Noticed a two-headed ogre
 12409 | D:9      | Killed a two-headed ogre
 12742 | D:10     | Entered Level 10 of the Dungeon
 12751 | D:10     | Offered knowledge of Airstrike by Vehumet.
 12997 | D:10     | Noticed a green ugly thing
 13004 | D:10     | Killed a green ugly thing
 13218 | D:10     | Noticed Snorg
 13587 | D:10     | Noticed Erolcha
 13594 | D:9      | Killed Erolcha
 13830 | D:10     | Noticed Nergalle
 13832 | D:10     | Noticed a spectral orc warlord
 13924 | D:10     | Noticed a lindwurm
 13924 | D:10     | a snapping turtle changed into a lindwurm
 13925 | D:10     | Noticed a spark wasp
 13925 | D:10     | a lindwurm changed into a spark wasp
 13927 | D:10     | Mangled by a spark wasp (shapeshifter)

Vault maps used:
D:1:      noname_arrival_rooms_in_the_neighbourhood, minmay_cut_off
D:2:      lemuel_coloured_pillars_altar, first_ration,
          kennysheep_generic_room_6, uniq_natasha
D:3:      uniq_ijyb
D:4:      kennysheep_mini, kennysheep_minor_cross, kennysheep_boxes, uniq_pikel
D:5:      kennysheep_mini_moat, minmay_temple_entry_trees, serial_bayou_pond_b
D:6:      basic_altar
D:7:      okawaru_humans, columned_hall_lemuel, grunt_ministairs_13,
          hangedman_abyss_or_decor_stabs
D:8:      lemuel_crystal_altar, lemuel_doored_altar, serial_undead,
          serial_undead_e, serial_undead_d, serial_undead_a, serial_undead_d,
          minmay_three_doors, uniq_psyche
D:9:      minmay_the_grid_3x2, hiddenorc2_lemuel, basic_altar,
          uniq_prince_ribbit1
D:10:     uniq_snorg, uniq_nergalle, uniq_erolcha
Temple:   lightli_temple_of_artemis

Skill      XL: |  1  2  3  4  5  6  7  8  9 10 11 |
---------------+----------------------------------+-----
Conjurations   | 2 3 4 5 7 8 9 |  9.7
Spellcasting   | 3 4 5 6 7 8 |  8.9
Fire Magic     | 4 5 7 8 9 |  9.7
Evocations     | 3 5 6 |  6.0
Fighting       | 5 |  5.4
Dodging        | |  1.5
Stealth        | |  3.0

Action                   |  1- 3 |  4- 6 |  7- 9 | 10-12 || total
-------------------------+-------+-------+-------+-------++-------
Melee: Whip              |     5 |       |    12 |       ||    17
       Spear             |       |    21 |       |       ||    21
       Trident           |       |       |     5 |       ||     5
       Hand axe          |       |       |     7 |    14 ||    21
 Fire: Blowgun           |       |       |     8 |     5 ||    13
       Hand crossbow     |       |       |       |   181 ||   181
 Cast: Flame Tongue      |    61 |   110 |   198 |    49 ||   418
       Conjure Flame     |       |     2 |    12 |     7 ||    21
       Sticky Flame      |       |     2 |    17 |    17 ||    36
       Throw Flame       |       |       |     2 |       ||     2
       Fireball          |       |       |       |    28 ||    28
 Abil: Spit Poison       |    18 |    15 |     9 |       ||    42
Evoke: Wand              |       |       |     1 |     3 ||     4
  Use: Scroll            |       |     4 |     9 |     4 ||    17
       Potion            |       |     1 |       |       ||     1
 Stab: Invisible         |       |       |     1 |       ||     1
  Eat: Chunk             |     4 |     7 |    16 |    13 ||    40
       Ration            |       |       |       |     3 ||     3
Armor: Robe              |     8 |    22 |    32 |    26 ||    88
Dodge: Dodged            |    19 |    43 |    50 |    70 ||   182

Table legend:
 A = Spawn XP
 B = Non-spawn XP
 C = Spawn XP percentage of total XP
 D = Spawn monster count
 E = Non-spawn monster count
 F = Spawn count percentage of total count
 G = Total turns spent on level
                    A         B        C        D         E        F      G
               +---------+---------+-------+---------+---------+-------+---------
         Total |       0 |   15744 |   0.0 |       0 |     293 |   0.0 | 13927
               +---------+---------+-------+---------+---------+-------+---------
           D:1 |       0 |      85 |   0.0 |       0 |      38 |   0.0 |  2017
           D:2 |       0 |     360 |   0.0 |       0 |      34 |   0.0 |  1261
           D:3 |       0 |     249 |   0.0 |       0 |      20 |   0.0 |   944
           D:4 |       0 |     947 |   0.0 |       0 |      24 |   0.0 |  1625
           D:5 |       0 |     757 |   0.0 |       0 |      18 |   0.0 |  1481
           D:6 |       0 |     465 |   0.0 |       0 |      10 |   0.0 |   635
           D:7 |       0 |    1716 |   0.0 |       0 |      28 |   0.0 |  1481
           D:8 |       0 |    3842 |   0.0 |       0 |      33 |   0.0 |  1819
           D:9 |       0 |    4885 |   0.0 |       0 |      66 |   0.0 |  1925
          D:10 |       0 |    2438 |   0.0 |       0 |      22 |   0.0 |   633
               +---------+---------+-------+---------+---------+-------+---------
